 Dungeon Crawl Stone Soup version 0.31-a0-848-gaac375c287 (webtiles) character file.

Game seed: 4140629648111907373

3760 MachoJfn the Chiller (level 9, -1/65 HPs)
             Began as a Demonspawn Ice Elementalist on Oct 4, 2023.
             Was a Believer of Wu Jian.
             Slain by a boulder beetle (4 damage)
             ... on level 7 of the Dungeon.
             The game lasted 00:39:32 (10619 turns).

MachoJfn the Chiller (Demonspawn Ice Elementalist) Turns: 10619, Time: 00:39:32

Health: -1/65      AC: 12    Str: 15    XL:     9   Next: 94%
Magic:  14/18      EV: 13    Int: 25    God:    Wu Jian [**....]
Gold:   116        SH:  0    Dex: 17    Spells: 16/23 levels left

rFire   . . .        l - +5 flail "MachoJfn's Curse" {pain, Int+5 Dex+3}
rCold   . . .        (no shield)
rNeg    . . .        c - +0 leather armour
rPois   .            (helmet restricted)
rElec   .            w - +0 cloak
rCorr   .            m - +0 pair of gloves
SInv    +            (no boots)
Will    .....        (no amulet)
Stlth   ++           d - ring of see invisible
HPRegen 0.30/turn    j - +6 ring of strength
MPRegen 0.16/turn

%: no passive effects
@: mighty, ice-armoured
A: horns 1, ignite blood 3, sturdy frame 1, low MP 1
a: Renounce Religion, Wall Jump


You were on level 7 of the Dungeon.
You worshipped Wu Jian.
Wu Jian was pleased with you.
You visited 2 branches of the dungeon, and saw 11 of its levels.

You collected 524 gold pieces.
You spent 408 gold pieces at shops.

Inventory:

Hand Weapons
 l - the +5 flail "MachoJfn's Curse" (weapon) {pain, Int+5 Dex+3}
   (You found it on level 2 of the Dungeon)

   Int+5:     It affects your intelligence (+5).
   Dex+3:     It affects your dexterity (+3).
 n - a +4 heavy short sword
 o - a +0 whip of distortion
 v - a +2 quarterstaff of chaos
Missiles
 e - 52 stones
 g - 12 poisoned darts
Armour
 c - a +0 leather armour (worn)
 m - a +0 pair of gloves (worn)
 t - a scarf of repulsion
 w - a +0 cloak (worn)
Jewellery
 d - a ring of see invisible (left hand)
 j - a +6 ring of strength (right hand)
Talismans
 f - a maw talisman
 C - a blade talisman
Wands
 z - a wand of light (17)
 A - a wand of charming (5)
Scrolls
 i - a scroll of noise
 p - 3 scrolls of poison
 r - 6 scrolls of identify
 u - a scroll of fear
 x - a scroll of teleportation
 y - a scroll of blinking
 B - a scroll of vulnerability {unknown}
 D - a scroll of brand weapon
Potions
 a - a potion of brilliance
 b - 2 potions of magic
 h - a potion of haste
 q - 2 potions of lignification


   Skills:
 + Level 4.0 Fighting
 + Level 5.8 Maces & Flails
 + Level 3.6 Dodging
 + Level 3.1 Stealth
 + Level 0.2 Unarmed Combat
 + Level 7.8 Spellcasting
 + Level 7.8 Ice Magic


You had 16 spell levels left.
You knew the following spells:

 Your Spells              Type           Power      Damage    Failure   Level
a - Freeze                Ice            100%       1d10      1%          1
b - Frozen Ramparts       Ice            96%        1d15      1%          3
c - Ozocubu's Armour      Ice            48%        N/A       1%          3

Your spell library contained the following spells:

 Spells                   Type           Power      Damage    Failure   Level
 Foxfire                  Conj/Fire      36%        2x1d5     6%          1
 Cigotuvi's Dreadful Rot  Necr/Pois/Air  18%        N/A       10%         2
 Lesser Beckoning         Tloc           18%        N/A       10%         2
 Poisonous Vapours        Pois/Air       18%        N/A       10%         2
 Summon Ice Beast         Ice/Summ       29%        N/A       13%         4
 Gell's Gravitas          Tloc           9%         N/A       19%         3
 Teleport Other           Tloc           9%         N/A       19%         3
 Metabolic Englaciation   Hex/Ice        14%        N/A       34%         5
 Anguish                  Hex/Necr       4%         N/A       54%         4
 Cause Fear               Hex            4%         N/A       54%         4
 Petrify                  Tmut/Erth      9%         N/A       54%         4
 Alistair's Intoxication  Tmut/Pois      6%         N/A       87%         5
 Borgnjor's Vile Clutch   Necr/Erth      4%         N/A       87%         5
 Ozocubu's Refrigeration  Ice            24%        4d12      91%         7
 Eringya's Noxious Bog    Tmut/Pois      4%         4d6       100%        6
 Enfeeble                 Hex            4%         N/A       100%        7
 Ignition                 Fire           4%         3d4       100%        8


Dungeon Overview and Level Annotations

Branches:
Dungeon (10/15)            Temple (1/1) D:6             Orc (0/2) D:10
   Lair: D:8-11

Altars:
Ashenzari
Fedhas
Gozag
Hepliaklqana
Kikubaaqudgha
Makhleb
Okawaru
Qazlal
Sif Muna
Trog
Uskayaw
Vehumet
Wu Jian
Xom

Shops:
D:1 :   D:2 ([   D:6 !   D:9 *(

Annotations:
D:10 Joseph


Innate Abilities, Weirdness & Mutations

You have a pair of small horns on your head.
Your demonic aura causes all spilled blood to erupt in flames.
Your movements are slightly less encumbered by armour. (ER -2)
Your magical capacity is low. (-10% MP)


Message History

The wall freezes the boulder beetle.
The boulder beetle bites you.
You sock the boulder beetle!
The boulder beetle is moderately wounded.
The frozen ramparts melt away.
The boulder beetle closely misses you.
The orc priest invokes the aid of Beogh against you.
Beogh smites you!
You hit the boulder beetle.
You headbutt the boulder beetle, but do no damage.
The boulder beetle is heavily wounded.
The boulder beetle bites you!
You hit the boulder beetle but do no damage.
You headbutt the boulder beetle, but do no damage.
The boulder beetle is heavily wounded.
The boulder beetle is engulfed in blazing flames.
The boulder beetle bites you but does no damage.
A wyvern comes into view.
The boulder beetle is engulfed in blazing flames.
The boulder beetle bites you but does no damage.
The wyvern hisses angrily.
You hit the boulder beetle but do no damage.
You headbutt the boulder beetle, but do no damage.
The boulder beetle is heavily wounded.
The orc priest begins to cast a cantrip, but forgets the words!
The boulder beetle is engulfed in blazing flames.
The boulder beetle bites you!
You hit the boulder beetle but do no damage.
You headbutt the boulder beetle, but do no damage.
The boulder beetle is severely wounded.
The boulder beetle is engulfed in blazing flames.
The boulder beetle bites you!
* * * LOW HITPOINT WARNING * * *
You sock the boulder beetle!
The boulder beetle is almost dead.
The boulder beetle bites you!
* * * LOW HITPOINT WARNING * * *
You feel very mighty all of a sudden.
A kobold brigand comes into view.
It is wielding a +0 short sword and quivering poisoned darts.
The boulder beetle is engulfed in blazing flames.
The boulder beetle bites you.
You die...

##)##.#.#.####.#
# #.)...#.#.#
#.###
+.##.#'.#.#
#.##.
#.....#...#
#.... #
##.##.#.###
##### #'
##+###.# #.#..
####.##.#
#K.=[o#.#.#.#.#
' #.cB@#.#.'.#
#|}}.l#.#.#.#.#
#)..# ##.#.##.#
### ##+###.# #.#
#.# +.# #.# ###


You could see a boulder beetle, a wyvern, a kobold brigand, a centaur and an orc
priest.

Vanquished Creatures
  A kobold demonologist (D:7)
  A vampire (D:9)
  A shadow (D:7)
  A yak (D:7)
  A steam dragon (D:6)
  4 water moccasins
  Duvessa (D:7)
  A sky beast (D:7)
  2 orc warriors
  3 black bears (D:6)
  2 ogres
  A centaur (D:6)
  3 phantoms
  A kobold brigand (D:6)
  2 bullfrogs
  2 scorpions
  Dowan (D:7)
  2 howler monkeys
  3 jellies
  2 gnoll boudas
  3 orc priests
  Crazy Yiuf (D:6)
  2 hounds (D:6)
  A sleepcap (D:4)
  3 iguanas
  4 orc wizards
  A mummy (D:6)
  16 gnolls
  8 adders
  2 shadow imps
  5 worms
  3 dart slugs
  30 orcs
  7 endoplasms
  4 giant cockroaches
  9 goblins
  4 hobgoblins
  13 jackals
  10 kobolds
  3 quokkas
  10 ball pythons
  3 bats
  3 frilled lizards
  2 hobgoblin zombies (D:6)
  2 kobold zombies (D:6)
  6 rats
190 creatures vanquished.

Notes
Turn   | Place    | Note
-------+----------+-------------------------------------------
     0 | D:1      | MachoJfn the Demonspawn Ice Elementalist began the quest
                  | for the Orb.
     0 | D:1      | Reached XP level 1. HP: 13/13 MP: 3/3
   172 | D:1      | Gained mutation: You have a pair of small horns on your
                  | head. [demonic ancestry]
   172 | D:1      | Reached XP level 2. HP: 18/19 MP: 0/5
   435 | D:1      | Gained mutation: Your demonic aura sometimes causes spilled
                  | blood to erupt in flames. [demonic ancestry]
   435 | D:1      | Reached XP level 3. HP: 22/24 MP: 1/6
   593 | D:1      | Learned a level 3 spell: Frozen Ramparts
   968 | D:1      | Found Nezesiur's Book Boutique.
  1275 | D:2      | Identified the +5 flail "MachoJfn's Curse" {pain, Int+5
                  | Dex+3}
  1807 | D:2      | Found Apogh's Weapon Shop.
  1811 | D:2      | Reached XP level 4. HP: 31/31 MP: 4/8
  1872 | D:2      | Found Igaecag's Antique Armour Shop.
  3151 | D:3      | Gained mutation: Your demonic aura often causes spilled
                  | blood to erupt in flames. [demonic ancestry]
  3151 | D:3      | Reached XP level 5. HP: 36/36 MP: 5/9
  4081 | D:4      | Learned a level 3 spell: Ozocubu's Armour
  4090 | D:4      | Noticed a phantom
  4101 | D:4      | Killed a phantom
  4102 | D:4      | Reached skill level 5 in Ice Magic
  4421 | D:4      | Reached skill level 1 in Fighting
  4421 | D:4      | Reached skill level 1 in Maces & Flails
  4594 | D:4      | Gained mutation: Your magical capacity is low. (-10% MP)
                  | [potion of mutation]
  4694 | D:4      | Reached XP level 6. HP: 43/43 MP: 3/10
  5753 | D:5      | Entered Level 5 of the Dungeon
  5872 | D:5      | Gained mutation: Your demonic aura causes all spilled blood
                  | to erupt in flames. [demonic ancestry]
  5872 | D:5      | Reached XP level 7. HP: 48/48 MP: 3/11
  5950 | D:5      | Found an ornate altar of the Wu Jian Council.
  5959 | D:5      | Became a worshipper of the Wu Jian Council
  7250 | D:6      | Reached skill level 5 in Spellcasting
  7253 | D:6      | Gained mutation: Your movements are slightly less
                  | encumbered by armour. (ER -2) [demonic ancestry]
  7253 | D:6      | Reached XP level 8. HP: 17/56 MP: 10/14
  7673 | D:6      | Found a radiant altar of Vehumet.
  7879 | D:6      | Reached * piety under Wu Jian
  8506 | D:6      | Found Cohufasch's Distillery.
  8955 | D:1      | Bought the Folio of the Scorched Coward for 408 gold pieces
  9339 | D:6      | Found a runed translucent door.
  9340 | D:6      | Noticed Crazy Yiuf
  9347 | D:6      | Killed Crazy Yiuf
  9481 | D:6      | Found a staircase to the Ecumenical Temple.
  9529 | Temple   | Entered the Ecumenical Temple
  9683 | D:6      | Reached XP level 9. HP: 56/62 MP: 8/16
  9963 | D:7      | Noticed Duvessa
  9965 | D:7      | Noticed Dowan
  9974 | D:7      | Killed Dowan
  9975 | D:7      | Killed Duvessa
 10202 | D:7      | Found a blossoming altar of Fedhas.
 10240 | D:7      | You fall into a shaft and drop 3 floors!
 10240 | D:10     | Entered Level 10 of the Dungeon
 10263 | D:10     | Noticed Joseph
 10282 | D:10     | Found a staircase to the Orcish Mines.
 10307 | D:9      | Found Jyoh's Antique Weapon Shoppe.
 10307 | D:9      | Noticed a two-headed ogre
 10318 | D:9      | Reached skill level 5 in Maces & Flails
 10410 | D:9      | Found Jogiasoo's Neck Hole.
 10413 | D:9      | Noticed a troll
 10601 | D:7      | Noticed a boulder beetle
 10601 | D:7      | Noticed a kobold demonologist
 10607 | D:7      | Killed a kobold demonologist
 10608 | D:7      | Reached ** piety under Wu Jian
 10618 | D:7      | HP: 3/65 [boulder beetle (12)]
 10619 | D:7      | Slain by a boulder beetle

Illustrated notes

Levels and vault maps discovered:
D:1:      lemuel_arrival_room, layout_basic, serial_shops, shop
D:2:      layout_basic, serial_shops, nicolae_shop_rolling_square,
          nicolae_shop_bloodbath_and_beyond
D:3:      minmay_wonky_spiral, layout_basic
D:4:      layout_basic
D:5:      layout_basic, mainiacjoe_overflow_cross_hatched
D:6:      kennysheep_six_static_rooms, layout_rooms, vehumet_crystals,
          minmay_temple_entry_trees, serial_shops, nicolae_lakefront_shop,
          minmay_mini_ossuary, uniq_crazy_yiuf_cottage
D:7:      minmay_the_grid_square_5x5_3x3 [minmay_the_grid_square_5x5_misaligned,
          minmay_the_grid_square_5x5_six_small,
          minmay_the_grid_square_5x5_lines, minmay_the_grid_square_5x5_tie,
          minmay_the_grid_square_5x5_megaprize_crossed,
          minmay_the_grid_square_5x5_longway,
          minmay_the_grid_square_5x5_bracketed, minmay_the_grid_square_5x5_mess,
          minmay_the_grid_square_5x5_inner_i], layout_loops_ring,
          fedhas_altar_3, uniq_duvessa
D:8:      layout_gridville, zin_purify, nemelex_xobeh_ov_fountains_minmay,
          kennysheep_slug_shrine, gammafunk_ghost_cemetery, uniq_amaemon
D:9:      layout_rooms, serial_shops, shop_fountains, kennysheep_donut,
          nicolae_shop_sticking_my_neck_out
D:10:     layout_irregular_city, lemuel_tele_altar,
          lemuel_coloured_pillars_altar, hangedman_ru_absence,
          minmay_stone_trees_small, uniq_joseph
Temple:   nicolae_temple_bog_church

Skill      XL: |  1  2  3  4  5  6  7  8  9 |
---------------+----------------------------+-----
Dodging        | 2 3 |  3.6
Ice Magic      | 4 5 6 7 |  7.8
Spellcasting   | 3 4 5 6 7 |  7.8
Stealth        | 2 3 |  3.1
Fighting       | 1 2 4 |  4.0
Maces & Flails | 1 2 3 4 5 |  5.8
Unarmed Combat | |  0.2

Action                     |  1- 3 |  4- 6 |  7- 9 || total
---------------------------+-------+-------+-------++-------
  Melee: Unarmed           |    41 |       |       ||    41
         Whip              |    13 |       |       ||    13
         Headbutt          |     8 |    11 |    32 ||    51
         Flail             |     5 |    69 |   135 ||   209
         Punch             |       |     1 |     1 ||     2
   Cast: Freeze            |    35 |    19 |     4 ||    58
         Frozen Ramparts   |     6 |    27 |    30 ||    63
         Ozocubu's Armour  |       |    14 |    20 ||    34
Ability: Lunge             |       |       |     3 ||     3
         Whirlwind         |       |       |     2 ||     2
    Use: Scroll            |     1 |     8 |     7 ||    16
         Potion            |       |     4 |     5 ||     9
   Stab: Sleeping          |     1 |     1 |       ||     2
 Armour: Robe              |    42 |    40 |    39 ||   121
         Leather armour    |       |       |    78 ||    78
         Skin              |       |       |    21 ||    21
  Dodge: Dodged            |    60 |    49 |   128 ||   237
         Form:             |       |       |     1 ||     1
         Maw               |       |       |     1 ||     1

Table legend: (Time is in decaauts)
 A = Elapsed time spent in this place.
 B = Non-inter-level travel time spent in this place.
 C = Inter-level travel time spent in this place.
 D = Time resting spent in this place.
 E = Time spent auto-exploring this place.
 F = Levels seen in this place.
 G = Mean time per level.
                   A        B        C        D        E       F      G
               +--------+--------+--------+--------+--------+-----+--------+
         Total |  10678 |   8476 |   2202 |   2313 |   4727 |  11 |  970.7 |
       Dungeon |  10597 |   8474 |   2123 |   2313 |   4727 |  10 | 1059.7 |
        Temple |     81 |      3 |     78 |      0 |      0 |   1 |   81.0 |
               +--------+--------+--------+--------+--------+-----+--------+

Top non-repeatable levels by time:
     D:5: 1933 daAuts
     D:4: 1766 daAuts
     D:3: 1718 daAuts
     D:6: 1558 daAuts
     D:2: 1481 daAuts
     D:1: 1475 daAuts
     D:7: 408 daAuts
     D:9: 118 daAuts
  Temple: 81 daAuts
     D:8: 70 daAuts
    D:10: 65 daAuts
